Map: Deathaura LE

Players

MarineLorD - Winner!

  • Race: Terran Terran
  • Spawn Location: 11:00

Denver

  • Race: Zerg Zerg
  • League: Master
  • Spawn Location: 5:00

Event: DreamHack SC2 Masters 2020 Summer Europe

VOD

Have the link to the VOD?

Description

Time

  • Played on: July 8, 2020, 1:12 p.m.
  • Length: 11:17

All games in this series

Show
View Real Time Build Order
Export as new Build Order

MarineLorD Terran - Winner!

Build Orders: Reaper Expand, Hellion Banshee 

Get SALT Encoding   

  12  0:00  SCV  
  13  0:12  SCV  
  14  0:17  Supply Depot  
  14  0:25  SCV  
  15  0:38  SCV  
  15  0:40  Barracks  
  16  0:43  Refinery  
  16  0:50  SCV  
  17  1:02  SCV  
  18  1:14  SCV  
  19  1:26  Reaper  
  19  1:27  Orbital Command  
  20  1:38  Command Center  
  20  1:46  Supply Depot  
  20  1:52  SCV  
  21  1:58  Marine  
  22  2:04  SCV  
  23  2:09  Factory  
  23  2:16  Marine, SCV  
  25  2:28  SCV  
  26  2:40  Barracks Reactor, SCV  
  27  2:49  Command Center  
  27  2:51  Orbital Command  
  27  2:55  SCV  
  28  3:02  Starport  
  28  3:07  SCV  
  28  3:09  Refinery  
  29  3:18  SCV  
  32  3:20  Hellion, SCV  
  32  3:23  Hellion  
  32  3:25  Barracks Tech Lab  
  35  3:30  SCV  
  36  3:37  SCV  
  37  3:42  SCV  
  42  3:48  Hellion x2, Barracks Tech Lab  
  42  3:53  Banshee  
  42  3:54  Supply Depot, SCV  
  46  4:01  SCV  
  46  4:02  Orbital Command  
  47  4:04  Cloaking Field  
  47  4:08  SCV  
  48  4:10  Marine  
  48  4:14  Hellion x2  
  48  4:16  SCV  
  54  4:20  Supply Depot, SCV  
  55  4:27  SCV  
  55  4:28  Stimpack, Marine  
  55  4:29  SCV  
  58  4:32  SCV  
  58  4:36  Hellion x2  
  63  4:41  Banshee  
  63  4:44  SCV x2  
  68  4:47  Supply Depot  
  68  4:48  Marine  
  68  4:51  SCV  
  70  4:56  SCV x2  
  72  5:04  SCV  
  70  5:08  SCV x2  
  70  5:09  Marine  
  70  5:13  Barracks  
  70  5:14  Barracks  
  73  5:16  SCV  
  73  5:19  Factory Reactor  
  73  5:20  SCV  
  73  5:22  SCV  
  73  5:27  Marine  
  73  5:28  SCV  
  68  5:32  SCV  
  58  5:39  SCV  
  58  5:40  SCV  
  55  5:44  Marine, SCV  
  55  5:49  Starport Reactor  
  55  5:51  SCV  
  55  5:55  Engineering Bay, SCV  
  55  5:56  Engineering Bay  
  57  5:58  SCV  
  57  6:03  Marine  
  59  6:05  Supply Depot, SCV  
  59  6:06  Supply Depot  
  59  6:07  SCV  
  59  6:10  Combat Shield, Marine x2  
  63  6:13  Siege Tank, SCV  
  63  6:17  SCV  
  68  6:19  SCV  
  68  6:21  Marine x3  
  72  6:27  Refinery x2  
  72  6:28  Marine x2  
  72  6:30  Terran Infantry Weapons Level 1, Terran Infantry Armor Level 1  
  74  6:35  Orbital Command  
  74  6:39  Marine x3  
  75  6:40  Medivac  
  75  6:42  SCV  
  75  6:45  Marine  
  75  6:46  Marine  
  80  6:50  Barracks x2  
  80  6:55  Siege Tank, SCV x2  
  80  6:56  Marine  
  80  6:57  Marine x2  
  89  7:01  SCV  
  89  7:07  Supply Depot x2, SCV  
  90  7:10  Marine  
  90  7:12  SCV  
  90  7:13  Marine  
  93  7:20  Supply Depot  
  93  7:28  Marine, Medivac x2  
  98  7:32  Marine x2  
  98  7:34  Marine  
  101  7:37  Armory, SCV x2  
  101  7:38  SCV  
  101  7:40  Marine  
  105  7:45  Siege Tank  
  105  7:46  Marine  
  105  7:49  SCV x2  
  105  7:50  Marine, SCV  
  113  7:53  Marine x2  
  113  7:58  Marine  
  115  8:01  SCV  
  117  8:10  Marine, SCV x2  
  116  8:13  SCV  
  116  8:14  Marine  
  116  8:15  Marine x2  
  116  8:16  Marine  
  116  8:19  Medivac x2  
  111  8:22  SCV x2  
  111  8:25  SCV  
  108  8:27  Marine  
  108  8:32  Marine  
  108  8:33  Marine x2  
  108  8:34  Marine  
  107  8:35  Terran Infantry Weapons Level 2, Terran Infantry Armor Level 2  
  107  8:36  Terran Vehicle Weapons Level 1  
  107  8:37  Command Center  
  100  8:45  Supply Depot x2, Marine  
  100  8:47  Supply Depot, Missile Turret  
  97  8:49  Barracks Reactor x2, Missile Turret  
  97  8:50  Marine x3  
  97  8:54  Refinery x2, Missile Turret  
  100  8:56  Siege Tank  
  100  8:59  Marine  
  104  9:03  Marine  
  104  9:08  Marine x2  
  107  9:10  Marine  
  108  9:17  Marine  
  108  9:18  SCV  
  108  9:20  Medivac  
  108  9:21  Factory, Marine  
  108  9:22  Medivac  
  115  9:24  SCV x2  
  115  9:26  Marine x2  
  115  9:27  Marine  
  115  9:30  SCV  
  115  9:31  Marine x2  
  121  9:33  Drilling Claws  
  121  9:34  Widow Mine  
  121  9:35  Marine  
  121  9:36  Marine x2, SCV  
  129  9:39  Supply Depot x2, Marine  
  129  9:43  Marine  
  129  9:44  Marine  
  132  9:45  Marine  
  132  9:49  Marine x2  
  135  9:53  Marine  
  135  9:54  Marine x2  
  135  9:57  Marine  
  138  10:01  Marine  
  138  10:02  Marine  
  138  10:03  Marine  
  138  10:05  Medivac x2  
  138  10:07  Marine x2  
  134  10:10  Marine  
  134  10:12  Marine x2  
  136  10:14  Marine  
  136  10:19  Marine x2  
  136  10:21  Marine  
  131  10:23  Widow Mine  
  131  10:24  Marine x2  
  131  10:27  Factory Reactor  
  131  10:28  Marine  
  131  10:29  Marine x2, SCV x2  
  131  10:30  SCV  
  131  10:32  Marine  
  131  10:35  Medivac  
  140  10:37  Marine x2  
  140  10:39  Marine  
  140  10:42  Marine x2  
  144  10:44  Siege Tank  
  144  10:45  Missile Turret x2  
  144  10:46  Marine  
  144  10:47  Marine x2  
  151  10:50  Marine  
  151  10:54  Factory Reactor  
  151  10:55  Marine x2  
  151  10:57  Marine  
Show
View Real Time Build Order
Export as new Build Order

Denver Zerg 

Build Orders: Hatch First, Muta Ling Bane 

Get SALT Encoding   

  12  0:01  Drone  
  13  0:12  Overlord  
  13  0:18  Drone  
  14  0:31  Drone x2  
  16  0:49  Hatchery  
  15  0:53  Drone  
  16  0:57  Drone  
  16  1:00  Drone  
  18  1:12  Extractor  
  18  1:17  Spawning Pool  
  16  1:19  Drone  
  16  1:22  Drone  
  18  1:29  Drone  
  19  1:39  Drone  
  20  1:49  Drone  
  21  2:03  Queen  
  21  2:04  Zergling x4, Queen  
  27  2:11  Metabolic Boost  
  27  2:13  Overlord  
  27  2:15  Drone  
  28  2:35  Hatchery  
  28  2:37  Extractor  
  26  2:38  Drone x2  
  26  2:42  Drone  
  26  2:44  Drone  
  30  2:47  Drone  
  30  2:50  Overlord  
  32  2:54  Drone  
  34  2:58  Drone  
  34  3:03  Queen  
  36  3:09  Drone x2  
  38  3:14  Drone x3  
  38  3:19  Overlord  
  41  3:22  Drone  
  42  3:29  Roach Warren  
  42  3:31  Extractor  
  42  3:33  Drone x2  
  42  3:39  Drone  
  43  3:43  Overlord  
  43  3:51  Overlord  
  43  3:54  Zergling x2  
  43  3:55  Zergling x6  
  47  4:06  Overlord  
  47  4:09  Roach  
  53  4:10  Roach x2  
  53  4:11  Roach x3  
  53  4:12  Roach  
  61  4:20  Roach x2  
  61  4:23  Overlord  
  65  4:26  Zergling x8  
  69  4:33  Zergling x4  
  69  4:35  Ravager, Overlord  
  69  4:38  Ravager  
  73  4:40  Zergling x4  
  75  4:47  Zergling x4  
  75  4:51  Zergling x8  
  80  5:03  Zergling x10  
  80  5:05  Lair  
  81  5:09  Drone x2  
  78  5:26  Drone x6  
  74  5:33  Drone x2  
  71  5:36  Drone x7  
  71  5:40  Drone x3  
  71  5:46  Drone  
  71  5:47  Drone x2  
  71  5:49  Extractor  
  68  5:55  Queen x2  
  69  5:57  Spore Crawler  
  69  6:01  Spore Crawler  
  65  6:06  Zergling x6, Spire  
  65  6:07  Zergling x2  
  65  6:10  Extractor  
  67  6:11  Spore Crawler  
  67  6:12  Drone  
  67  6:15  Overseer  
  67  6:22  Zergling x16  
  67  6:25  Drone x2  
  77  6:29  Drone x2  
  79  6:39  Drone x7  
  85  6:43  Evolution Chamber  
  85  6:46  Evolution Chamber, Baneling Nest  
  83  6:47  Drone x2  
  84  6:56  Drone  
  84  6:57  Drone x3  
  86  7:05  Overlord, Extractor x2  
  83  7:10  Zerg Ground Armor Level 1  
  83  7:11  Drone  
  83  7:12  Drone x2  
  83  7:13  Hatchery, Zerg Melee Weapons Level 1  
  81  7:16  Zergling x6  
  81  7:22  Zergling x12  
  88  7:32  Centrifical Hooks  
  88  7:33  Mutalisk x3  
  94  7:37  Mutalisk x2  
  94  7:39  Overlord  
  94  7:42  Overlord  
  98  7:44  Overlord  
  98  7:47  Mutalisk  
  98  7:50  Zergling x8  
  103  7:54  Zergling x4  
  100  8:01  Zergling x12  
  100  8:05  Baneling x7  
  102  8:13  Zergling x10  
  102  8:18  Zergling x8  
  93  8:26  Zergling x6  
  89  8:29  Zergling x6  
  89  8:32  Mutalisk  
  83  8:36  Queen  
  83  8:38  Drone x4  
  83  8:46  Drone  
  82  8:50  Drone x3  
  82  8:54  Zerg Flyer Weapons Level 1  
  85  9:02  Mutalisk  
  85  9:03  Mutalisk x3  
  85  9:08  Mutalisk x2  
  97  9:11  Burrow  
  97  9:16  Drone x4  
  97  9:17  Drone  
  102  9:19  Drone x2  
  102  9:21  Drone  
  105  9:26  Zergling x2  
  105  9:27  Zergling x6  
  109  9:32  Drone  
  109  9:33  Drone  
  109  9:38  Baneling x8  
  111  9:42  Overlord  
  111  9:43  Overlord  
  111  9:49  Baneling  
  111  9:50  Baneling x4  
  109  9:59  Zergling x2  
  105  10:00  Zergling x14  
  110  10:13  Mutalisk  
  109  10:16  Zergling x2  
  109  10:17  Zergling x14  
  109  10:21  Extractor  
  113  10:22  Extractor  
  113  10:25  Overlord  
  112  10:31  Mutalisk  
  112  10:32  Mutalisk  
  116  10:39  Baneling  
  116  10:40  Baneling x5, Hatchery  
  115  10:43  Zergling x12  
  115  10:47  Overlord  
  121  10:52  Zergling x6  
Tags
 
Add a new tag
Caveats
  • Supply blocks, unpowered buildings, or Contaminate may cause inaccurate times.
  • Supply counts are checked every 10 seconds.